 Dungeon Crawl Stone Soup version 0.18.1-6-gd335043 (webtiles) character file.

93 incide the Conjurer (level 4, -6/24 HPs)
             Began as a Deep Elf Fire Elementalist on May 18, 2016.
             Mangled by manyhoops's ghost (15 damage)
             ... on level 3 of the Dungeon.
             The game lasted 00:07:03 (2556 turns).

incide the Conjurer (Deep Elf Fire Elementalist)    Turns: 2556, Time: 00:07:04

Health: -6/24      AC:  2    Str:  5    XL:     4   Next: 37%
Magic:  0/11       EV: 13    Int: 21    God:
Gold:   136        SH:  3    Dex: 15    Spells: 4 memorised, 1 level left

rFire  . . .     SeeInvis .     f - +0 short sword
rCold  . . .     Gourm    .     a - +0 robe
rNeg   . . .     Faith    .     (no shield)
rPois  .         Spirit   .     (no helmet)
rElec  .         Dismiss  .     (no cloak)
rCorr  .         Reflect  +     (no gloves)
SustAt .         Harm     .     (no boots)
MR     .....                    e - +3 amulet of reflection
Stlth  ++........               (no ring)
                                (no ring)

@: not resistant to hostile enchantments, unstealthy
A: no striking features
a: no special abilities


You were on level 3 of the Dungeon.
You were not hungry.

You visited 1 branch of the dungeon, and saw 3 of its levels.

You collected 136 gold pieces.

Inventory:

Hand Weapons
 f - a +0 short sword (weapon)
 i - a +0 rapier
Armour
 a - a +0 robe (worn)
Jewellery
 e - a +3 amulet of reflection (around neck)
Scrolls
 h - 2 scrolls of remove curse {unknown}
 l - a scroll of blinking {unknown}
Potions
 k - a potion of agility {unknown}
Books
 b - a book of Flames

   Spells                             Type                      Level
   a - Flame Tongue                   Conjuration/Fire             1
   b - Throw Flame                    Conjuration/Fire             2
   c - Conjure Flame                  Conjuration/Fire             3
   d - Inner Flame                    Hexes/Fire                   3
   e - Sticky Flame                   Conjuration/Fire             4
   f - Fireball                       Conjuration/Fire             5
Comestibles
 c - 3 bread rations
 d - 2 slices of pizza
 g - a meat ration
 j - a beef jerky


   Skills:
 - Level 2.4 Dodging
 - Level 2.4 Stealth
 + Level 3.7 Spellcasting
 + Level 4.0 Conjurations
 + Level 3.6 Fire Magic


You had one spell level left.
You knew the following spells:

 Your Spells              Type           Power        Failure   Level  Hunger
a - Flame Tongue          Conj/Fire      ###..        2%          1    None
b - Throw Flame           Conj/Fire      ###...       4%          2    ##.....
c - Conjure Flame         Conj/Fire      ###.....     10%         3    ###....
d - Inner Flame           Hex/Fire       ##......     21%         3    ###....


Dungeon Overview and Level Annotations

Branches:
Dungeon (3/15)

Altars:

Annotations:
D:3 manyhoops's ghost, amateur DsFi


Message History

Manyhoops's ghost is severely damaged.
You barely miss manyhoops's ghost.
Manyhoops's ghost is severely damaged.
Manyhoops's ghost hits you.
You hit manyhoops's ghost.
Manyhoops's ghost is severely damaged.
Manyhoops's ghost hits you!
Ouch! That really hurt!
Manyhoops's ghost hits you but does no damage.
You are too injured to fight recklessly!
Casting: Flame Tongue
Confirm with . or Enter, or press ? or * to list all spells.
Aiming: Flame Tongue
Press: ? - help, Shift-Dir - straight line, f/p - manyhoops's ghost
Aim: manyhoops's ghost (severely damaged)
The flame tongue hits manyhoops's ghost.
Manyhoops's ghost is almost destroyed.
Manyhoops's ghost hits you!
Ouch! That really hurt!
You die...

#####################.
...........W@.........
.....รท....####.....##
..........####.....#..
..............<.......
..........####.....#.<
..........# #.....# .
........... ......#
...........# ##....#
?..........# ....#


You could see manyhoops's ghost.

Vanquished Creatures
  3 adders (D:2)
  An ooze (D:1)
  A giant gecko (D:1)
  10 bats
  4 giant cockroaches
  8 goblins
  5 hobgoblins
  6 jackals
  4 kobolds
  2 quokkas (D:2)
  2 ball pythons
  2 giant newts (D:2)
  8 rats
56 creatures vanquished.

Notes
Turn   | Place    | Note
--------------------------------------------------------------
     0 | D:1      | incide the Deep Elf Fire Elementalist began the quest for the Orb.
     0 | D:1      | Reached XP level 1. HP: 10/10 MP: 6/6
   108 | D:1      | Reached skill level 2 in Conjurations
   196 | D:1      | Reached XP level 2. HP: 15/15 MP: 6/8
   343 | D:1      | Learned a level 2 spell: Throw Flame
   539 | D:1      | Reached skill level 3 in Conjurations
   616 | D:1      | Reached XP level 3. HP: 19/19 MP: 5/9
  1491 | D:2      | Learned a level 3 spell: Conjure Flame
  2067 | D:2      | Reached XP level 4. HP: 24/24 MP: 9/11
  2076 | D:2      | Learned a level 3 spell: Inner Flame
  2305 | D:3      | Noticed manyhoops's ghost (amateur DsFi)
  2335 | D:2      | Reached skill level 4 in Conjurations
  2556 | D:3      | Mangled by manyhoops's ghost

Skill      XL: |  1  2  3  4 |
---------------+-------------+-----
Conjurations   | 2 3 4 |  4.0
Dodging        | |  2.4
Stealth        | |  2.4
Spellcasting   | |  3.7
Fire Magic     | |  3.6

Action                   |  1- 3 |  4- 6 || total
-------------------------+-------+-------++-------
Melee: Short sword       |    26 |    14 ||    40
 Cast: Flame Tongue      |    71 |    24 ||    95
       Conjure Flame     |       |     2 ||     2
       Throw Flame       |       |     1 ||     1
 Stab: Sleeping          |     8 |     1 ||     9
  Eat: Chunk             |     3 |     2 ||     5
Armor: Robe              |     9 |     2 ||    11
Dodge: Dodged            |    44 |     9 ||    53
Block: Other             |     6 |     4 ||    10
